 Dungeon Crawl Stone Soup version 0.18.1-5-g4a78601 (webtiles) character file.

67 Liquid the Sneak (level 3, -2/16 HPs)
             Began as a Spriggan Enchanter on May 10, 2016.
             Killed from afar by Sigmund (9 damage)
             ... with a magic dart
             ... on level 3 of the Dungeon.
             The game lasted 00:06:10 (2006 turns).

Liquid the Sneak (Spriggan Enchanter)               Turns: 2006, Time: 00:06:10

Health: -2/16      AC:  3    Str:  4    XL:     3   Next: 98%
Magic:  1/9        EV: 18    Int: 17    God:
Gold:   109        SH:  0    Dex: 16    Spells: 3 memorised, 3 levels left

rFire  . . .     SeeInvis +     a - +1 dagger
rCold  . . .     Gourm    .     b - +1 robe
rNeg   . . .     Faith    .     (shield restricted)
rPois  .         Spirit   .     (helmet restricted)
rElec  .         Dismiss  .     (no cloak)
rCorr  .         Reflect  .     (gloves unavailable)
SustAt .         Harm     .     (boots unavailable)
MR     .....                    h - amulet of magic regeneration
Stlth  ++++......               (no ring)
                                n - ring of flight

@: very slightly contaminated, very quick, not resistant to hostile
enchantments, stealthy
A: unfitting armour, see invisible, herbivore 3, speed 3, slow metabolism 2
a: Evoke Flight


You were on level 3 of the Dungeon.
You were not hungry.

You visited 1 branch of the dungeon, and saw 3 of its levels.

You collected 109 gold pieces.

Inventory:

Hand Weapons
 a - a +1 dagger (weapon)
Armour
 b - a +1 robe (worn)
Jewellery
 h - an amulet of magic regeneration (around neck)
 n - a ring of flight (left hand)
Scrolls
 e - a scroll of enchant armour {unknown}
 g - 3 scrolls of remove curse {unknown}
 k - 2 scrolls of teleportation {unknown}
 m - a scroll of fear {unknown}
 o - 2 scrolls of identify
Potions
 f - a potion of resistance {unknown}
 j - 3 potions of heal wounds {unknown}
 l - a potion of curing {unknown}
 p - a potion of lignification {unknown}
Books
 c - a book of Maledictions

   Spells                             Type                      Level
   a - Corona                         Hexes                        1
   b - Ensorcelled Hibernation        Hexes/Ice                    2
   c - Confuse                        Hexes                        3
   d - Tukima's Dance                 Hexes                        3
   e - Dazzling Spray                 Conjuration/Hexes            3
Comestibles
 d - 2 bread rations
 i - 3 fruits


   Skills:
 - Level 1.1 Short Blades
 - Level 3.0 Dodging
 + Level 5.9 Stealth
 + Level 3.6 Spellcasting
 + Level 4.4 Hexes


You had 3 spell levels left.
You knew the following spells:

 Your Spells              Type           Power        Failure   Level  Hunger
a - Corona                Hex            ###....      2%          1    None
b - Ensorcelled Hibernat  Hex/Ice        ##....       12%         2    ##.....
c - Confuse               Hex            ###.....     10%         3    ###....


Dungeon Overview and Level Annotations

Branches:
Dungeon (3/15)

Altars:
Elyvilon
Nemelex Xobeh
The Shining One

Annotations:
D:3 Sigmund


Innate Abilities, Weirdness & Mutations

You are tiny and cannot use many weapons and most armour.
You have supernaturally acute eyesight.
You are a herbivore.
You cover ground extremely quickly.
You need consume almost no food.


Message History

Aim: Sigmund, wielding a scythe of protection and wearing a robe (chance to defeat MR: 57%) Sigmund resists with significant effort.
Casting: Confuse
Confirm with . or Enter, or press ? or * to list all spells.
Aiming: Confuse
Press: ? - help, Shift-Dir - straight line, f/p - Sigmund
Aim: Sigmund, wielding a scythe of protection and wearing a robe (chance to defeat MR: 57%) Sigmund resists with significant effort.
Sigmund misses you.
You see here a hobgoblin corpse.
The jackal barks!
You hear a shout!
Sigmund drinks a potion.
Sigmund flickers and vanishes for a moment.
The jackal barely misses you.
You barely miss the jackal. The jackal bites you.
You barely miss the jackal. The jackal closely misses you.
Sigmund gestures at you while chanting. The magic dart hits you!
Ouch! That really hurt!
You die...

## ..#####K##
#..........
#.........#
%#)...>....#
...........#
.###>........#####
.............†h@.#
..............###.#
....h.........# #†#
..............# #.#
..............# #@#
.........###### #.#
.........# ###w#
....(....#
#...########
.........#
####.#........#


You could see Sigmund (invisible), a dart slug and a jackal.

Vanquished Creatures
  2 adders (D:2)
  An ooze (D:1)
  2 dart slugs (D:1)
  2 giant geckos (D:1)
  A giant cockroach (D:1)
  6 goblins
  5 hobgoblins
  A jackal (D:3)
  2 quokkas (D:2)
  5 bats
  3 giant newts
  3 kobolds
  6 rats
39 creatures vanquished.

Notes
Turn   | Place    | Note
--------------------------------------------------------------
     0 | D:1      | Liquid the Spriggan Enchanter began the quest for the Orb.
     0 | D:1      | Reached XP level 1. HP: 9/9 MP: 5/5
   261 | D:1      | Reached XP level 2. HP: 13/13 MP: 7/7
   263 | D:1      | Reached skill level 5 in Stealth
   268 | D:1      | Learned a level 2 spell: Ensorcelled Hibernation
  1010 | D:1      | Reached XP level 3. HP: 15/16 MP: 0/8
  1270 | D:2      | Learned a level 3 spell: Confuse
  1789 | D:2      | Found a white marble altar of Elyvilon.
  1790 | D:2      | Found a glowing golden altar of the Shining One.
  1794 | D:2      | Found a sparkling altar of Nemelex Xobeh.
  1949 | D:3      | Noticed Sigmund
  2006 | D:3      | Killed from afar by Sigmund

Skill      XL: |  1  2 |
---------------+-------+-----
Spellcasting   | 3 |  3.6
Stealth        | 5 |  5.9
Hexes          | 4 |  4.4
Short Blades   | |  1.1
Dodging        | |  3.0

Action                   || total
-------------------------++-------
Melee: Dagger            ||    65
 Cast: Ensorcelled Hiber ||    21
       Confuse           ||     2
  Use: Scroll            ||     1
 Stab: Sleeping          ||    30
Armor: Robe              ||     8
Dodge: Dodged            ||    47
